 Dungeon Crawl Stone Soup version 0.31-a0-152-g6aa68a64a1 (webtiles) character file.

Game seed: 14010452730863365867

74 qw the Shooter (level 4, -1/39 HPs)
             Began as a Naga Hunter on June 10, 2023.
             Slain by an orc priest
             ... wielding a +0 club
              (2 damage)
             ... on level 2 of the Dungeon.
             The game lasted 00:00:24 (1414 turns).

qw the Shooter (Naga Hunter)                        Turns: 1414, Time: 00:00:25

Health: -1/39      AC:  2    Str: 13    XL:     4   Next: 28%
Magic:  4/4        EV:  9    Int: 10    God:
Gold:   113        SH:  0    Dex: 16    Spells: 3/3 levels left

rFire   . . .        Y - +1 shortbow
rCold   . . .        (shield currently unavailable)
rNeg    . . .        c - +0 leather armour
rPois   +            (no helmet)
rElec   .            (no cloak)
rCorr   .            (no gloves)
SInv    +            (no barding)
Will    .....        (no amulet)
Stlth   ++           (no ring)
HPRegen 0.26/turn    (no ring)
MPRegen 0.09/turn

%: no passive effects
@: short of breath, very slow
A: AC +1, large, see invisible, deformed body, poison resistance, slowness 2,
spit poison 1, naga tail 1
a: Spit Poison


You were on level 2 of the Dungeon.
You visited 1 branch of the dungeon, and saw 3 of its levels.

You collected 137 gold pieces.
You spent 24 gold pieces at shops.


Innate Abilities, Weirdness & Mutations

Your serpentine skin is tough. (AC +1)
You have supernaturally acute eyesight. (SInv)
Armour fits poorly on your strangely shaped body.
Your system is resistant to poisons. (rPois)
You cover ground very slowly.
You can spit poison.
You have a snake-like lower body.


   Skills:
 + Level 2.0 Fighting
 - Level 5.1 Ranged Weapons
 - Level 1.5 Dodging
 - Level 1.5 Stealth


You had 3 spell levels left.
You didn't know any spells.
Your spell library was empty.

Inventory:

Hand Weapons
 Y - a +1 shortbow (weapon)
Armour
 c - a +0 leather armour (worn)
Scrolls
 d - 4 scrolls of identify
Potions
 e - a potion of resistance

Dungeon Overview and Level Annotations

Branches:
Dungeon (3/15)

Altars:

Shops:
D:1 ?(*


Message History

Your Ranged Weapons skill increases to level 5!
You have reached level 4!
You feel clever.
You shoot an arrow.
The arrow hits the orc priest but does no damage.
You have got your breath back.
The orc hits you with a +0 hand axe. The orc priest barely misses you.
1410 ||| STAIRDANCE The orc hits you with a +0 club.
The orc priest hits you with a +0 club. The orc hits you with a +0 hand axe.
You climb upwards.
There is a stone staircase leading down here.
Enter note:
Enter note:
Enter note:
Enter note:
Enter note:
Enter note:
Enter note:
Enter note:
Enter note:
Enter note:
Enter note:
Enter note:
1412 ||| INVOKING Spit Poison.
Aiming: Spit Poison (1% risk of failure)
Press: ? - help, Shift-Dir - straight line, f - orc priest The splash of poison hits the orc priest!
The orc priest is poisoned.
The orc priest is heavily wounded.
The orc hits you with a +0 club. The orc hits you with a +0 hand axe.
The orc priest closely misses you.
You shoot an arrow. The arrow hits the orc priest.
The orc priest is almost dead.
The orc barely misses you. x2
The orc priest invokes the aid of Beogh against you.
Pain shoots through your body!
You shoot an arrow. The arrow barely misses the orc priest.
The orc hits you with a +0 club. The orc hits you with a +0 hand axe.
The orc priest hits you with a +0 club.
You die...

#####.#####...## #.# ####.#
##.....## #.##
##.##.###.......## #..##
##................####...######
#.................'............
##...#.##.........#.......#####
#..##.###.......##.##..#.#
#.....# #...ooo###.##.##.#
#.#######.#..@## #.##....#
#.........##'## #.#####.#
#.##########.# #.#####.#
#.##########.#####.......#
#.#..........#........##.#
#.......###....######.##.#
###.###.##.....# #.##.# #.#
#.###....######.##.# #.#
#..................#


You could see an orc priest (poisoned) and 2 orcs.

Vanquished Creatures
  An orc priest (D:3)
  An adder (D:2)
  2 ball pythons (D:1)
  7 endoplasms
  A giant cockroach (D:1)
  4 goblins
  4 hobgoblins (D:1)
  4 bats
  2 frilled lizards (D:1)
  6 kobolds
32 creatures vanquished.

Notes
Turn   | Place    | Note
-------+----------+-------------------------------------------
     0 | D:1      | qw the Naga Hunter began the quest for the Orb.
     0 | D:1      | Reached XP level 1. HP: 19/19 MP: 1/1
     0 | D:1      | 0 ||| qw: Version: 0.2-a-122-gbc61b45
     0 | D:1      | 0 ||| qw: Game counter: 3600
     0 | D:1      | 0 ||| qw: Always use a shield: true
     0 | D:1      | 0 ||| qw: God list: Okawaru
     0 | D:1      | 0 ||| qw: Allow faded altars: false
     0 | D:1      | 0 ||| qw: Do Orc after D:15 true
     0 | D:1      | 0 ||| qw: Do second Lair branch before Depths: true
     0 | D:1      | 0 ||| qw: Lair rune preference: random
     0 | D:1      | 0 ||| qw: Plans: Normal
     0 | D:1      | 0 ||| PLANNING D:1-11
    15 | D:1      | 15 ||| INVOKING Spit Poison.
    20 | D:1      | 20 ||| INVOKING Spit Poison.
    24 | D:1      | 24 ||| INVOKING Spit Poison.
    45 | D:1      | 45 ||| INVOKING Spit Poison.
    58 | D:1      | 58 ||| INVOKING Spit Poison.
    60 | D:1      | Reached skill level 4 in Ranged Weapons
    60 | D:1      | Reached XP level 2. HP: 26/26 MP: 2/2
    64 | D:1      | 64 ||| INVOKING Spit Poison.
    89 | D:1      | 89 ||| INVOKING Spit Poison.
    97 | D:1      | Found Seuwk's Weapon Boutique.
   106 | D:1      | 106 ||| SHOPLISTING +0 shortbow of freezing (103 gold, have
                  | 45).
   133 | D:1      | 133 ||| INVOKING Spit Poison.
   207 | D:1      | Reached XP level 3. HP: 32/32 MP: 3/3
   301 | D:1      | Found Tybiprugh's General Store.
   342 | D:1      | 342 ||| INVOKING Spit Poison.
   476 | D:1      | Found Nodotrap's Magic Scroll Shoppe.
   480 | D:1      | 480 ||| BUYING scroll of identify (24 gold).
   480 | D:1      | Bought a scroll of identify for 24 gold pieces
   480 | D:1      | 480 ||| SHOPLISTING scroll of teleportation (36 gold, have
                  | 32).
   480 | D:1      | 480 ||| READING scroll labelled HUHIDALAMNIE.
   481 | D:1      | 481 ||| DRINKING 2 bubbling purple potions.
   482 | D:1      | 482 ||| DROPPING scroll of butterflies.
   526 | D:2      | 526 ||| INVOKING Spit Poison.
   756 | D:2      | 756 ||| INVOKING Spit Poison.
  1047 | D:2      | 1047 ||| INVOKING Spit Poison.
  1363 | D:2      | 1363 ||| READING scroll labelled XEIBAH XOCIYPN.
  1364 | D:2      | 1364 ||| READING scroll labelled ATINUNOTATT.
  1365 | D:2      | 1365 ||| READING 5 scrolls of identify.
  1365 | D:2      | 1365 ||| IDENTIFYING green potion
  1366 | D:2      | 1366 ||| DROPPING potion of brilliance.
  1407 | D:3      | 1407 ||| INVOKING Spit Poison.
  1409 | D:3      | Reached skill level 5 in Ranged Weapons
  1409 | D:3      | Reached XP level 4. HP: 39/39 MP: 4/4
  1410 | D:3      | 1410 ||| STAIRDANCE
  1412 | D:2      | 1412 ||| INVOKING Spit Poison.
  1413 | D:2      | HP: 3/39 [orc priest/nerve-wracking pain (14)]
  1414 | D:2      | HP: 1/39 [orc/+0 hand axe (1)]
  1414 | D:2      | Slain by an orc priest

Levels and vault maps discovered:
D:1:      wander_arrival_lonely_grave, layout_rooms, serial_shops,
          nicolae_shop_rolled_up, nicolae_shop_tiny_real_fake_doors, shop
D:2:      layout_loops_corners
D:3:      layout_basic, nicolae_ru_path_of_blood, kennysheep_okawaru_gauntlet,
          nicolae_elyvilon_peaceful_grove

Skill      XL: |  1  2  3 |
---------------+----------+-----
Ranged Weapons | 4 5 |  5.1
Fighting       | |  2.0
Dodging        | |  1.5
Stealth        | |  1.5

Action                     |  1- 3 |  4- 6 || total
---------------------------+-------+-------++-------
   Fire: Shortbow          |    64 |     3 ||    67
Ability: Spit Poison       |    13 |     1 ||    14
    Use: Scroll            |     4 |       ||     4
         Potion            |     1 |       ||     1
 Armour: Leather armour    |     7 |       ||     7
  Dodge: Dodged            |    12 |     4 ||    16

Table legend:
 A = Non-vault XP
 B = Vault XP
 C = Vault XP percentage of total XP
 D = Non-vault monster count
 E = Vault monster count
 F = Vault count percentage of total count
                 A         B        C        D         E       F
            +---------+---------+-------+---------+---------+-------
      Total |     106 |       0 |   0.0 |      32 |       0 |   0.0
            +---------+---------+-------+---------+---------+-------
        D:1 |      40 |       0 |   0.0 |      24 |       0 |   0.0
        D:2 |      25 |       0 |   0.0 |       7 |       0 |   0.0
        D:3 |      41 |       0 |   0.0 |       1 |       0 |   0.0
            +---------+---------+-------+---------+---------+-------
